 Dungeon Crawl Stone Soup version 0.28.0 (webtiles) character file.

Game seed: 3133659090772059109

122 a3don the Shield-Bearer (level 4, -6/37 (45) HPs)
             Began as a Troll Fighter on Feb 15, 2022.
             Mangled by a hell rat (11 damage)
             ... in a sewer.
             The game lasted 00:02:18 (1810 turns).

a3don the Shield-Bearer (Troll Fighter)             Turns: 1810, Time: 00:02:19

HP:   -6/37 (45)    AC:  4    Str: 24    XL:     4   Next: 78%
MP:   3/3           EV:  8    Int:  6    God:
Gold: 147           SH:  7    Dex:  9    Spells: 3/3 levels left

rFire   . . .      SeeInvis .     - Unarmed
rCold   . . .      Faith    .   b - +0 kite shield
rNeg    . . .      Spirit   .   a - +0 robe
rPois   +          Reflect  .   (helmet restricted)
rElec   .          Harm     .   (no cloak)
rCorr   .          Rampage  .   (gloves unavailable)
Will    .....                   (boots unavailable)
Stlth   +.........              (no amulet)
HPRegen 0.92/turn               e - ring of poison resistance
MPRegen 0.08/turn               (no ring)

@: heavily drained
A: large, unfitting armour, claws 3, regeneration 1, shaggy fur 1, tough skin 1
a: no special abilities


You were in a sewer.
You visited 1 branch of the dungeon, and saw 3 of its levels.
You also visited: Sewer.

You collected 147 gold pieces.

Inventory:

Missiles
 f - 9 poisoned darts (quivered)
Armour
 a - a +0 robe (worn)
 b - a +0 kite shield (worn)
Jewellery
 e - a ring of poison resistance (left claw)
 k - a ring of protection from fire
Scrolls
 d - 2 scrolls of amnesia {unknown}
 g - 2 scrolls of immolation {unknown}
 h - 2 scrolls of identify {unknown}
 j - 2 scrolls of acquirement {unknown}
 l - a scroll of enchant armour {unknown}
 p - a scroll of noise {unknown}
Potions
 c - 2 potions of might
 i - a potion of degeneration {unknown}
 m - a potion of berserk rage {unknown}
 n - a potion of heal wounds {unknown}
 o - a potion of invisibility {unknown}


   Skills:
 + Level 3.1 Fighting
 + Level 3.0 Dodging
 + Level 3.1 Shields
 + Level 3.0 Unarmed Combat


You had 3 spell levels left.
You didn't know any spells.
Your spell library contained the following spells:

 Spells                   Type           Power      Damage    Failure   Level
 Ozocubu's Armour         Ice            0%         N/A       98%         3
 Metabolic Englaciation   Hex/Ice        0%         N/A       100%        5
 Simulacrum               Ice/Necr       0%         N/A       100%        6


Dungeon Overview and Level Annotations

Branches:
Dungeon (3/15)              Sewer (1/1)

Altars:

Shops:
D:3 [


Innate Abilities, Weirdness & Mutations

You are too large for most types of armour.
You have claws for hands.
Your natural rate of healing is unusually fast.
You are covered in fur. (AC +1)
You have tough skin. (AC +1)


Message History

You completely miss the hell rat. The hell rat bites you!
You feel drained. The hell rat closely misses you.
You barely miss the hell rat.
The hell rat twitches its whiskers.
The hell rat splashes around in the water.
You barely miss the hell rat. The hell rat closely misses you.
You scratch the hell rat.
The hell rat is lightly wounded.
The hell rat bites you!
You feel drained.
You scratch the hell rat but do no damage.
The hell rat is lightly wounded.
The hell rat splashes around in the water. x2
You completely miss the hell rat.
The hell rat is lightly wounded.
The hell rat splashes around in the water.
You barely miss the hell rat. You block the hell rat's attack.
You claw the hell rat!
The hell rat is heavily wounded.
You block the hell rat's attack. The hell rat bites you.
You feel drained.
You scratch the hell rat.
The hell rat is heavily wounded.
The hell rat bites you!
You feel drained.
You are too injured to fight recklessly!
You are too injured to fight recklessly!
You are too injured to fight recklessly!
You scratch the hell rat.
The hell rat is almost dead.
The hell rat closely misses you.
You closely miss the hell rat.
The hell rat is almost dead.
The hell rat bites you!
* * * LOW HITPOINT WARNING * * *
The hell rat closely misses you.
You barely miss the hell rat.
The hell rat is almost dead.
You block the hell rat's attack.
You barely miss the hell rat.
The hell rat is almost dead.
The hell rat bites you!
You die...

#≈≈≈≈≈∩.†.≈≈###
≈..≈≈#####≈....#
≈.≈###?∩?###.≈≈##
.r##≈!!!?!≈##..≈#
. #...≈≈≈..≈#≈≈≈#
. ≈≈≈≈≈≈≈##.≈.#
..≈ #.≈≈###†≈.##
≈≈≈≈≈##r##...≈≈#
#≈..≈≈@≈≈≈≈≈###
###≈≈≈.≈.≈###
#########


You could see a hell rat.

Vanquished Creatures
  4 adders
  2 river rats
  A worm (D:2)
  3 dart slugs
  2 orcs (D:3)
  3 ball pythons (D:3)
  6 endoplasms
  2 giant cockroaches
  5 goblins
  7 hobgoblins
  5 kobolds
  2 quokkas
  5 bats
  2 frilled lizards
  8 rats
57 creatures vanquished.

Notes
Turn   | Place    | Note
-------+----------+-------------------------------------------
     0 | D:1      | a3don the Troll Fighter began the quest for the Orb.
     0 | D:1      | Reached XP level 1. HP: 22/22 MP: 0/0
   265 | D:1      | Reached XP level 2. HP: 29/29 MP: 1/1
   697 | D:2      | Reached XP level 3. HP: 25/36 MP: 2/2
  1416 | D:3      | Found Puefang's Antique Armour Shoppe.
  1478 | D:3      | Reached XP level 4. HP: 38/44 MP: 3/3
  1746 | D:3      | Found a glowing drain.
  1765 | Sewer    | Entered a sewer
  1810 | Sewer    | Mangled by a hell rat

Illustrated notes

Levels and vault maps discovered:
D:1:      lemuel_arrival_hallway, layout_basic
D:2:      layout_loops_ring, grunt_ministairs_12, minmay_box_of_dots
D:3:      layout_basic, cheibrodos_sewer_entry_sluice, serial_shops,
          shop_statue, glass_columns_b, minmay_cupped
Sewer:    sewer_hellmonk_bad_rat

Skill      XL: |  1  2  3  4 |
---------------+-------------+-----
Fighting       | 3 |  3.1
Shields        | 3 |  3.1
Dodging        | 3 |  3.0
Unarmed Combat | 3 |  3.0

Action                   |  1- 3 |  4- 6 || total
-------------------------+-------+-------++-------
Melee: Unarmed           |   104 |    57 ||   161
 Stab: Sleeping          |     1 |       ||     1
Armor: Robe              |    18 |    16 ||    34
Dodge: Dodged            |    28 |    11 ||    39
Block: Kite shield       |    28 |    14 ||    42
